 Dungeon Crawl Stone Soup version 0.20-a0-795-ga03948b (webtiles) character file.

320179 esteth the Slayer (level 20, 0/213 HPs)
             Began as a Minotaur Fighter on Feb 28, 2017.
             Was the Champion of Qazlal.
             Slain by a cyan very ugly thing (20 damage)
             ... on level 3 of the Vaults on Mar 1, 2017.
             The game lasted 02:14:55 (41016 turns).

esteth the Slayer (Minotaur Fighter)               Turns: 41016, Time: 02:14:56

Health: 0/213      AC: 35    Str: 26      XL:     20   Next: 61%
Magic:  14/26      EV: 18    Int:  4 (5)  God:    Qazlal [******]
Gold:   2356       SH: 17    Dex: 21      Spells: 19/19 levels left

rFire    . . .     SeeInvis +   q - +8 whip "Snakebite" {curare, rPois}
rCold    + . .     Gourm    .   M - +2 plate armour {rC+}
rNeg     . . .     Faith    .   A - +2 buckler {AC+3}
rPois    +         Spirit   .   L - +2 hat
rElec    +         Reflect  .   O - scarf {repulsion}
rCorr    .         Harm     .   E - +2 pair of gloves
MR       +....     Clarity  +   h - +2 pair of boots
Stlth    ..........             l - amulet of rage
Regen    0.5/turn               w - +3 ring of dexterity
MPRegen  0.2/turn               K - ring of see invisible

@: marked, protected from electricity, repel missiles
A: retaliatory headbutt, horns 2, molten scales 1, agile 1, clarity, strong 1
}: 2/15 runes: serpentine, barnacled
a: Upheaval, Elemental Force, Disaster Area, Renounce Religion, Evoke Berserk
Rage


You were on level 3 of the Vaults.
You worshipped Qazlal.
Qazlal was exalted by your worship.
You were not hungry.

You visited 7 branches of the dungeon, and saw 35 of its levels.

You collected 3080 gold pieces.
You spent 724 gold pieces at shops.

Inventory:

Hand Weapons
 q - the +8 whip "Snakebite" (weapon) {curare, rPois}
   (You found it on level 5 of the Lair of Beasts)

   It poisons the flesh of those it strikes.
   It protects you from poison.
Armour
 h - a +2 pair of boots (worn)
 z - a +2 plate armour of positive energy
 A - a +2 buckler of protection (worn)
 E - a +2 pair of gloves (worn)
 L - a +2 hat (worn)
 M - a +2 plate armour of cold resistance (worn)
 O - a scarf of repulsion (worn)
Jewellery
 b - an uncursed ring of fire
 i - a +1 ring of slaying
 l - an amulet of rage (around neck)
 m - an uncursed ring of ice
 s - an uncursed ring of resist corrosion
 u - an uncursed ring of fire
 w - a +3 ring of dexterity (right hand)
 I - an uncursed ring of flight
 K - a ring of see invisible (left hand)
 T - an uncursed amulet of the gourmand
Wands
 n - a wand of digging (19/24)
 G - a wand of acid (7/15)
 J - a wand of disintegration (8/24)
Scrolls
 a - 3 scrolls of amnesia
 g - a scroll of holy word
 o - 5 scrolls of teleportation
 r - 27 scrolls of identify
 v - 12 scrolls of remove curse
 y - 3 scrolls of recharging
 B - 7 scrolls of magic mapping
 F - a scroll of enchant armour
 H - a scroll of fog
 N - a scroll of blinking
 S - a scroll of fear
Potions
 c - 2 potions of invisibility
 d - 7 potions of curing
 e - 2 potions of agility
 k - 4 potions of flight
 p - a potion of ambrosia
 x - a potion of haste
 R - a potion of might
 U - 2 potions of cancellation
 V - 2 potions of resistance
 W - a potion of magic
 Z - a potion of brilliance
Miscellaneous
 t - a fan of gales
Comestibles
 f - 17 bread rations
 j - 26 royal jellies
 C - 15 fruits
 D - 3 meat rations
 P - a chunk of flesh


   Skills:
 - Level 26.2 Fighting
   Level 13.8(16.8) Axes
 - Level 16.2(18.0) Maces & Flails
 - Level 18.7 Armour
 - Level 13.4 Dodging
 - Level 7.9 Shields
 + Level 9.4 Invocations


You had 19 spell levels left.
You didn't know any spells.

Dungeon Overview and Level Annotations

Branches:
Dungeon (15/15)            Temple (1/1) D:4            Lair (6/6) D:11
 Shoals (4/4) Lair:2        Snake (4/4) Lair:4        Slime (0/5) Lair:6
    Orc (2/2) D:10            Elf (0/3) Orc:2        Vaults (3/5) D:14
  Crypt (0/3) Vaults:2     Depths (0/5) D:15

Altars:
Ashenzari
Cheibriados
Dithmenos
Elyvilon
Fedhas
Gozag
Hepliaklqana
Kikubaaqudgha
Makhleb
Nemelex Xobeh
Okawaru
Qazlal
Ru
Sif Muna
Trog
Uskayaw
Vehumet
Wu Jian
Xom
Yredelemnul
Zin
The Shining One

Shops:
D:9 !   D:11 [   D:13 (   D:15 *   Orc:2 [*(:   Shoals:3 *   Snake:2 [*!

Annotations:
D:3 Sigmund
Lair:1 exclusion: 2 oklob plants
Lair:4 exclusion: 2 oklob plants
Vaults:3 Saint Roka


Innate Abilities, Weirdness & Mutations

You reflexively headbutt those who attack you in melee.
You have a pair of horns on your head.
You are partially covered in molten scales. (AC +2)
You are agile. (Dex +2)
You possess an exceptional clarity of mind.
Your muscles are strong. (Str +2)


Message History

The ironheart preserver is lightly wounded.
The ironheart preserver is flash-frozen.
The vault guard hits you but does no damage.
As you read the scroll of teleportation, it crumbles to dust.
You feel strangely unstable.
The ironheart preserver hits you with a mace of protection!!
* * * LOW HITPOINT WARNING * * *
Your surroundings suddenly seem different.
A cyan very ugly thing comes into view.
The cyan very ugly thing gurgles horribly!
A cyan very ugly thing comes into view.
The cyan very ugly thing gurgles horribly!
A cyan very ugly thing comes into view.
The cyan very ugly thing gurgles horribly!
You hear a horrible gurgling sound! x2
The cyan very ugly thing punches you.
* * * LOW HITPOINT WARNING * * *
The cyan very ugly thing shocks you!!
You feel protected from electricity.
You die...

#####
#...(
#..ยง##
##...#
#.u@.#
+uu#.#
#.# .#
#u .# #
##


You could see 3 very ugly things and a cyan ugly thing.

Vanquished Creatures
  Bai Suzhen (Shoals:3)
  Vashnia (Snake:2)
  Nikola (Snake:2)
  A lich (Vaults:3)
  Rupert (Lair:4)
  Asterion (Snake:1)
  Polyphemus (Shoals:4)
  A kraken (Shoals:1)
  12 nagarajas
  Donald (Orc:2)
  Ilsuiw (Shoals:4)
  2 vault wardens
  2 fire giants (Vaults:3)
  4 orc warlords
  Aizul (Snake:1)
  6 ironheart preservers
  2 stone giants
  Nessos (Orc:2)
  A vampire knight (Vaults:2)
  A deep elf demonologist (Vaults:2)
  A dire elephant (Lair:2)
  2 deep elf annihilators (Vaults:2)
  Snorg (Lair:6)
  11 merfolk impalers
  5 ettins
  6 merfolk javelineers (Shoals:4)
  2 fire dragons
  2 yaktaur captains
  Josephine (Snake:1)
  A rakshasa (Vaults:3)
  An ice dragon (Vaults:3)
  Harold (D:13)
  A vault guard (Vaults:3)
  16 naga warriors
  8 hydras
  4 great orbs of eyes
  7 centaur warriors
  7 merfolk avatars
  2 alligator snapping turtles
  A catoblepas (Shoals:4)
  A tengu warrior (D:15)
  5 merfolk aquamancers
  16 two-headed ogres
  15 anacondas
  4 deep troll earth magi (Vaults:2)
  4 satyrs
  29 death yaks
  5 ogre magi
  A deep troll shaman (Vaults:2)
  21 naga sharpshooters
  3 orc high priests (Orc:2)
  Nergalle (D:11)
  3 shock serpents
  2 salamander mystics
  2 shadow wraiths
  3 deep elf knights
  A flayed ghost (Vaults:1)
  10 naga ritualists
  5 deep trolls (Vaults:2)
  10 sea snakes
  5 wizards
  A glowing orange brain (Vaults:3)
  3 deep elf archers
  An unseen horror (D:15)
  8 harpies
  A lindwurm (Lair:4)
  8 ironbrand convokers
  11 orc knights
  4 wolf spiders
  7 mana vipers
  19 ugly things
  A faun (shapeshifter) (Vaults:2)
  11 orc sorcerers
  8 cyclopes
  13 manticores
  8 deep elf magi
  9 salamanders
  20 fauns
  11 merfolk sirens
  31 elephants
  15 guardian serpents
  3 water nymphs
  A gargoyle (D:9)
  6 vault sentinels
  43 black mambas
  A torpor snail (Lair:5)
  10 spiny frogs
  24 naga magi
  A kobold demonologist (D:9)
  3 rime drakes (Lair:4)
  6 freezing wraiths
  8 komodo dragons
  16 yaktaurs
  7 wind drakes
  23 merfolk
  14 trolls
  6 meliai
  3 meliai (shapeshifter)
  2 queen bees
  5 polar bears
  Grinder (D:6)
  Prince Ribbit (Lair:1)
  8 snapping turtles
  6 hornets
  9 slime creatures
  A dream sheep (Lair:6)
  12 blink frogs
  11 hippogriffs
  13 water elementals
  3 vampires (Vaults:2)
  13 spriggans
  A shadow (D:15)
  7 wraiths
  6 wyverns
  51 yaks
  4 basilisks
  5 hungry ghosts
  A steam dragon (D:8)
  Menkaure (D:6)
  3 wargs
  5 acid dragons
  2 soldier ants
  62 nagas
  34 water moccasins
  A floating eye (shapeshifter) (Vaults:1)
  9 porcupines
  35 orc warriors
  An ettin simulacrum (Vaults:2)
  3 sky beasts
  5 black bears
  4 ice beasts
  An eye of draining (D:12)
  A wolf (shapeshifter) (D:14)
  4 phantoms
  A necrophage (D:9)
  29 wolves
  9 boggarts
  A boggart (shapeshifter) (D:15)
  34 centaurs
  21 ogres
  14 crocodiles
  A big kobold (D:13)
  14 bullfrogs
  A wyvern zombie (D:13)
  4 scorpions
  2 human simulacra (Vaults:1)
  67 killer bees
  4 wights (D:10)
  3 electric eels (D:11)
  5 crimson imps
  A howler monkey (D:9)
  5 centaur zombies
  A quasit (D:10)
  7 jellies
  13 hounds
  24 orc priests
  A gnoll shaman (D:8)
  6 centaur skeletons
  7 iguanas
  28 orc wizards
  11 worker ants
  3 killer bee zombies
  A hound skeleton (D:5)
  9 gnolls
  16 adders
  A river rat (shapeshifter) (Vaults:2)
  7 shadow imps
  8 oozes
  An adder zombie (D:5)
  2 adder skeletons
  A worm (D:5)
  A dart slug (D:1)
  6 leopard geckos
  91 orcs
  5 ball pythons
  6 bats
  8 giant cockroaches
  12 goblins
  10 hobgoblins
  18 jackals
  12 kobolds
  4 quokkas
  6 frilled lizards
  2 jackal skeletons (D:9)
  A jackal zombie (D:6)
  A quokka skeleton (D:9)
  A quokka zombie (D:6)
  11 rats
  2 tentacles (Shoals:1)
1524 creatures vanquished.

Vanquished Creatures (collateral kills)
  2 salamanders (Snake:4)
  2 nagas (Snake:4)
4 creatures vanquished.

Vanquished Creatures (others)
  A naga mage (Snake:2)
  A phantom (D:11)
  A killer bee (Lair:4)
  51 fungi
  35 plants
  14 tentacles (Shoals:1)
103 creatures vanquished.

Grand Total: 1631 creatures vanquished

Notes
Turn   | Place    | Note
-------+----------+-------------------------------------------
     0 | D:1      | esteth the Minotaur Fighter began the quest for the Orb.
     0 | D:1      | Reached XP level 1. HP: 19/19 MP: 0/0
   109 | D:1      | Reached XP level 2. HP: 21/26 MP: 1/1
   297 | D:1      | Reached XP level 3. HP: 28/31 MP: 2/2
   924 | D:2      | Reached skill level 5 in Axes
  1045 | D:2      | You fall through a shaft!
  1052 | D:3      | Reached XP level 4. HP: 14/39 MP: 3/3
  1383 | D:3      | Reached XP level 5. HP: 44/45 MP: 4/4
  1393 | D:3      | Gained mutation: You are partially covered in molten scales. (AC +2) [potion of mutation]
  1393 | D:3      | Gained mutation: You are agile. (Dex +2) [potion of mutation]
  1393 | D:3      | Gained mutation: You possess an exceptional clarity of mind. [potion of mutation]
  1393 | D:3      | Gained mutation: Your muscles are strong. (Str +2) [potion of mutation]
  1571 | D:3      | Found a hazy altar of Hepliaklqana.
  1659 | D:3      | Noticed Sigmund
  2121 | D:4      | Found a snail-covered altar of Cheibriados.
  2132 | D:4      | Found a staircase to the Ecumenical Temple.
  2141 | Temple   | Entered the Ecumenical Temple
  2232 | Temple   | Became a worshipper of Qazlal Stormbringer
  2591 | D:4      | Found a white marble altar of Elyvilon.
  2723 | D:4      | Noticed an ogre
  2736 | D:4      | Killed an ogre
  2820 | D:4      | Found a burning altar of Makhleb.
  2820 | D:4      | Noticed a blizzard demon
  2864 | D:5      | Entered Level 5 of the Dungeon
  2918 | D:5      | Reached XP level 6. HP: 51/51 MP: 5/5
  2965 | D:5      | Noticed a water moccasin
  2978 | D:5      | Killed a water moccasin
  3416 | D:5      | Reached skill level 4 in Fighting
  3416 | D:5      | Reached XP level 7. HP: 46/60 MP: 6/6
  3424 | D:5      | You fall through a shaft for 3 floors!
  3429 | D:8      | Reached skill level 5 in Fighting
  3601 | D:8      | Reached skill level 6 in Fighting
  3752 | D:8      | Reached skill level 7 in Fighting
  3758 | D:8      | Reached * piety under Qazlal
  4076 | D:8      | Reached XP level 8. HP: 69/73 MP: 7/7
  4249 | D:8      | Reached skill level 8 in Fighting
  4298 | D:8      | Reached skill level 9 in Fighting
  4388 | D:7      | Found a sacrificial altar of Ru.
  4519 | D:7      | Reached skill level 10 in Fighting
  4741 | D:7      | Reached skill level 11 in Fighting
  5076 | D:7      | Reached ** piety under Qazlal
  5076 | D:7      | Reached XP level 9. HP: 81/89 MP: 8/8
  5089 | D:6      | Noticed Menkaure
  5098 | D:6      | Killed Menkaure
  5271 | D:6      | Found a bloodstained altar of Trog.
  5275 | D:6      | Reached skill level 10 in Axes
  5558 | D:6      | Noticed Grinder
  5571 | D:6      | Paralysed by Grinder for 4 turns
  5583 | D:6      | Killed Grinder
  6099 | D:9      | Reached *** piety under Qazlal
  6112 | D:9      | Noticed a kobold demonologist
  6113 | D:9      | Noticed a gargoyle
  6114 | D:9      | Noticed a sixfirhy
  6123 | D:9      | Killed a kobold demonologist
  6127 | D:9      | Killed a gargoyle
  6127 | D:9      | Reached XP level 10. HP: 75/96 MP: 5/9
  6575 | D:9      | Reached skill level 1 in Invocations
  6663 | D:9      | Found a sparkling altar of Nemelex Xobeh.
  6674 | D:9      | Found a radiant altar of Vehumet.
  6744 | D:9      | Found Nyopul's Distillery.
  6883 | D:9      | Found an iron altar of Okawaru.
  7009 | D:10     | Entered Level 10 of the Dungeon
  7129 | D:10     | Got a fine morningstar
  7130 | D:10     | Identified the +9 morningstar of the People {venom, Int+6 Stlth+} (You found it on level 10 of the Dungeon)
  7247 | D:10     | Found a staircase to the Orcish Mines.
  7297 | D:10     | Reached **** piety under Qazlal
  7297 | D:10     | Reached skill level 5 in Invocations
  7773 | D:11     | Noticed a cyclops
  7798 | D:11     | Killed a cyclops
  7798 | D:11     | Reached XP level 11. HP: 39/102 MP: 15/15
  7801 | D:11     | Reached skill level 5 in Armour
  8598 | D:11     | Got a dazzling ring mail
  8599 | D:11     | Identified the +1 ring mail of Kleptomania {+Fly rC- Dex-4 Stlth+} (You took it off an orc on level 11 of the Dungeon)
  8936 | D:11     | Noticed Nergalle
  8943 | D:11     | Killed Nergalle
  9002 | D:11     | Found a staircase to the Lair.
  9071 | D:11     | Found Nobiug's Armour Shoppe.
  9272 | Lair:1   | Entered Level 1 of the Lair of Beasts
  9272 | Lair:1   | Noticed Prince Ribbit
  9278 | Lair:1   | Reached skill level 10 in Armour
  9283 | Lair:1   | Killed Prince Ribbit
  9629 | Lair:1   | Noticed an eight-headed hydra
  9735 | Lair:1   | Killed an eight-headed hydra
 10080 | Lair:1   | Noticed an oklob plant
 10080 | Lair:1   | Noticed an oklob plant
 10576 | Lair:2   | Reached skill level 12 in Fighting
 10583 | Lair:2   | Reached XP level 12. HP: 72/112 MP: 16/16
 10619 | Lair:2   | Reached ***** piety under Qazlal
 10799 | Lair:1   | Reached skill level 13 in Fighting
 10920 | Lair:2   | Noticed a five-headed hydra
 10928 | Lair:2   | Killed a five-headed hydra
 11035 | Lair:2   | Noticed a dire elephant
 11043 | Lair:2   | Killed a dire elephant
 11051 | Lair:2   | Reached skill level 14 in Fighting
 11197 | Lair:2   | Reached skill level 15 in Fighting
 12011 | Lair:2   | Found a staircase to the Shoals.
 12200 | Lair:3   | Reached skill level 16 in Fighting
 12212 | Lair:3   | Reached XP level 13. HP: 118/128 MP: 18/18
 12735 | Lair:4   | Reached skill level 17 in Fighting
 13013 | Lair:4   | Noticed Rupert
 13030 | Lair:4   | Killed Rupert
 13226 | Lair:4   | Reached skill level 18 in Fighting
 13300 | Lair:4   | Found a staircase to the Snake Pit.
 13425 | Lair:4   | Reached ****** piety under Qazlal
 13481 | Lair:4   | Reached skill level 19 in Fighting
 13893 | Lair:4   | Reached XP level 14. HP: 113/146 MP: 19/19
 13897 | Lair:4   | Reached skill level 1 in Dodging
 14495 | Lair:5   | Reached skill level 5 in Dodging
 15299 | Lair:6   | Entered Level 6 of the Lair of Beasts
 15315 | Lair:6   | Noticed Snorg
 15341 | Lair:5   | Reached skill level 5 in Maces & Flails
 15958 | Lair:6   | Killed Snorg
 16189 | Lair:5   | Reached skill level 10 in Maces & Flails
 16269 | Lair:6   | Reached XP level 15. HP: 139/152 MP: 20/20
 16447 | Lair:6   | Reached skill level 5 in Shields
 16900 | Lair:6   | Found a staircase to the Slime Pits.
 17261 | Orc:1    | Entered Level 1 of the Orcish Mines
 17265 | Orc:1    | Noticed an orc warlord
 17310 | D:10     | Killed an orc warlord
 17592 | Orc:2    | Entered Level 2 of the Orcish Mines
 17592 | Orc:2    | Noticed Nessos
 17632 | Orc:2    | Noticed an orc warlord
 17632 | Orc:2    | Killed Nessos
 17860 | Orc:1    | Killed an orc warlord
 18028 | Orc:2    | Paralysed by an orc sorcerer for 2 turns
 18075 | Orc:2    | Noticed an orc warlord
 18093 | Orc:1    | Killed an orc warlord
 18399 | Orc:2    | Found a staircase to the Elven Halls.
 18533 | Orc:2    | Noticed Donald
 18558 | Orc:2    | Noticed an orc warlord
 18565 | Orc:2    | Killed Donald
 18585 | Orc:2    | Killed an orc warlord
 19239 | Orc:2    | Found Pulocso's Antique Armour Emporium.
 19240 | Orc:2    | Found Ynaaqap's Antique Weapon Emporium.
 19241 | Orc:2    | Found Tyilacrest's General Store.
 19241 | Orc:2    | Found Zerim's Book Shoppe.
 19257 | Orc:2    | Bought a glowing plate armour for 598 gold pieces
 19593 | Snake:1  | Entered Level 1 of the Snake Pit
 19976 | Snake:1  | Reached skill level 15 in Armour
 20168 | Snake:1  | Noticed Asterion
 20170 | Snake:1  | Noticed Aizul
 20177 | Snake:1  | Noticed Josephine
 20191 | Snake:1  | Killed Aizul
 20191 | Snake:1  | Reached XP level 16. HP: 135/162 MP: 21/21
 20195 | Snake:1  | Noticed an Executioner
 20206 | Snake:1  | Killed Asterion
 20211 | Snake:1  | Reached skill level 20 in Fighting
 20215 | Snake:1  | Killed Josephine
 21432 | Snake:2  | Reached skill level 21 in Fighting
 21460 | Snake:2  | Noticed Vashnia
 21510 | Snake:2  | Killed Vashnia
 21790 | Snake:2  | Noticed Nikola
 21829 | Snake:2  | Killed Nikola
 22281 | Snake:2  | Found Ynkosh's Armour Shoppe.
 22285 | Snake:2  | Found Fomo's General Store.
 22286 | Snake:2  | Found Miosomo's Distillery.
 22293 | Snake:2  | Bought a potion of curing for 42 gold pieces
 22293 | Snake:2  | Bought a potion of curing for 42 gold pieces
 22293 | Snake:2  | Bought a potion of curing for 42 gold pieces
 22393 | Snake:2  | Reached skill level 22 in Fighting
 24097 | Snake:3  | Reached XP level 17. HP: 160/178 MP: 22/22
 24655 | Snake:4  | Entered Level 4 of the Snake Pit
 24928 | Snake:4  | HP: 8/178 [guardian serpent (16)]
 24953 | Snake:4  | HP: 7/178 [naga warrior/enchanted long sword (21)]
 24960 | Snake:4  | HP: 1/178 [naga/dire flail (10)]
 25052 | Snake:4  | HP: 8/178 [poisoned by a salamander]
 25058 | Snake:4  | HP: 7/178 [poisoned by a salamander]
 25063 | Snake:4  | HP: 6/178 [poisoned by a salamander]
 25069 | Snake:4  | HP: 6/178 [poisoned by a salamander]
 25077 | Snake:4  | HP: 7/178 [poisoned by a salamander]
 25605 | Snake:4  | Reached skill level 10 in Dodging
 26189 | Snake:3  | HP: 1/178 [salamander/trident (10)]
 26197 | Snake:3  | HP: 1/178 [poisoned by a naga mage (bolt of poison)]
 26205 | Snake:3  | HP: 2/178 [poisoned by a naga mage (bolt of poison)]
 27085 | Snake:4  | Got a serpentine rune of Zot
 27360 | Shoals:1 | Entered Level 1 of the Shoals
 27414 | Shoals:1 | Reached XP level 18. HP: 165/187 MP: 23/23
 28209 | Shoals:2 | Paralysed by a centaur for 3 turns
 28871 | Shoals:3 | Found Qeytor's General Store.
 28921 | Shoals:3 | Reached skill level 23 in Fighting
 29392 | Shoals:3 | Noticed Bai Suzhen
 29435 | Shoals:3 | Killed Bai Suzhen
 29939 | Shoals:4 | Entered Level 4 of the Shoals
 30926 | Shoals:4 | Reached skill level 24 in Fighting
 31821 | Shoals:4 | Noticed Ilsuiw
 31844 | Shoals:4 | Killed Ilsuiw
 32343 | Shoals:4 | Noticed Polyphemus
 32364 | Shoals:4 | Reached XP level 19. HP: 178/200 MP: 24/24
 32383 | Shoals:4 | Killed Polyphemus
 32383 | Shoals:4 | Reached skill level 25 in Fighting
 32450 | Shoals:4 | Got a twisted morningstar {crush}
 32451 | Shoals:4 | Identified the cursed +2 morningstar of Trog's Displeasure {crush, rC+} (You took it off a merfolk on level 4 of the Shoals)
 32648 | Shoals:4 | Got a barnacled rune of Zot
 32890 | Shoals:4 | Upgraded the game from 0.20-a0-792-g09bcfd3 to 0.20-a0-795-ga03948b
 33707 | D:12     | Got a smoking ring mail
 33708 | D:12     | Identified the +4 ring mail of Ducyha {rElec rPois Int+2} (You found it on level 12 of the Dungeon)
 33875 | D:13     | Noticed Harold
 33892 | D:13     | Killed Harold
 34250 | D:13     | Found Toidan's Weapon Shop.
 35296 | D:14     | Found a gate to the Vaults.
 35444 | D:15     | Entered Level 15 of the Dungeon
 35489 | D:15     | Reached skill level 26 in Fighting
 35818 | D:15     | Found a staircase to the Depths.
 35978 | D:15     | Found Zatew's General Store.
 36493 | Vaults:1 | Entered Level 1 of the Vaults
 37068 | Vaults:1 | Got a scorched large shield
 37069 | Vaults:1 | Identified the cursed +0 large shield of Grot {Str+3 Int+3} (You found it on level 1 of the Vaults)
 38602 | Vaults:2 | Reached XP level 20. HP: 177/213 MP: 25/25
 39930 | Vaults:2 | Found a staircase to the Crypt.
 40350 | Vaults:2 | Reached skill level 15 in Maces & Flails
 40962 | Vaults:3 | Noticed Saint Roka
 41016 | Vaults:3 | Slain by a cyan very ugly thing

Vault maps used:
D:1:      dpeg_arrival_long_road, minmay_strange_pillars, grunt_decor_arrowhead
D:2:      minmay_roachtagon
D:3:      marbit_many_paths, uniq_sigmund
D:4:      cheibriados_altar_1, lemuel_crystal_altar,
          minmay_temple_entry_crystal_x, st_stairs_8, makhleb_altar_promises_db
D:5:      portal_sewer_entry_f, first_bread, minmay_misc_feat_cross,
          minmay_item_behind_shaft
D:6:      bloody_trog, feat_on_display, uniq_menkaure, uniq_grinder
D:7:      nicolae_ru_sacrificial_ziggurat, corexii_item_surrounded_by_moat
D:8:      hangedman_little_slice_of_home
D:9:      hangedman_cross_cluster, minitemple, kennysheep_mini, serial_shops,
          shop
D:10:     erik_orc_3
D:11:     erik_lair_island, serial_shops, shop, hangedman_decor_slide_cut,
          uniq_harold, uniq_nergalle
D:12:     minmay_misc_feat_pillars
D:13:     serial_shops, shop, hangedman_decor_lopped
D:14:     david_vaults_4, serial_curves, eino_curves_02, eino_curves_04,
          eino_curves_04, eino_curves_01, minmay_misc_feat_ornament
D:15:     hangedman_depths_entry_civil_slaughter, serial_shops, shop,
          grunt_decor_fettered
Temple:   nicolae_temple_great_sept
Lair:1:   statuecave_lemuel, minivault_26, lemuel_fruit_tree,
          minmay_lair_oklob_chamber, uniq_prince_ribbit2
Lair:2:   mu_elephants_graveyard, elwin_shoals_entry_rooms, special_room
Lair:3:   nicolae_quartered_pool_super, grunt_megastairs_4
Lair:4:   regret_index_bee_streams, minmay_snake_entry_six_corridors,
          minmay_lair_oklob_bushes, grunt_forest_stairs_basic, st_stairs_5,
          uniq_rupert
Lair:5:   minmay_guarded_unrand_snakebite, grunt_megastairs_1
Lair:6:   minmay_lair_end_enchanted_forest, dpeg_slime_entry_corner, uniq_snorg
Shoals:3: serial_shops, shop, portal_ice_cave_entry_pillars_1,
          nicolae_shoals_so_close, uniq_bai_suzhen
Shoals:4: shoals_end_simple, shoals_ilsuiw_ice, uniq_polyphemus
Snake:1:  grunt_ministairs_9, uniq_aizul, uniq_asterion, uniq_josephine
Snake:2:  minmay_shop_star, basic_stair_grate_trap, uniq_vashnia, uniq_nikola
Snake:4:  grunt_snake_rune_serpentine_throne, serial_bayou_shore_b
Orc:2:    st_orc_congregation, uniq_nessos, uniq_donald
Vaults:1: vaults_room_stairs_pillars, ontoclasm_vaults_hangar,
          nicolae_vaults_disjoint_gnomons, vaults_room_stairs_pillars,
          nicolae_vaults_circle_grid_a, v_misc_3, v_misc_8,
          ontoclasm_vaults_pinch, v_misc_27, dpeg_vaults_monster_box
Vaults:2: minmay_crypt_entry_vampire_xt, v_alt_pattern_1, vaults_room_hallway,
          nicolae_vaults_network_s, ontoclasm_vaults_twist, v_misc_28,
          ontoclasm_vaults_idyll, vaults_standard_mumra_x,
          hangedman_vaults_locks, v_misc_16, v_misc_10,
          nicolae_vaults_yaktaur_gun_rack
Vaults:3: nicolae_vaults_specimen_jars, nicolae_vaults_shelves_hall,
          nicolae_vaults_network_barrier, nicolae_vaults_sealed_display,
          v_misc_10, hangedman_vaults_capsules,
          hangedman_vaults_stretched_pinwheel, vaults_room_hangedman_quadrants,
          hangedman_vaults_trim, v_misc_16, ontoclasm_vaults_idyll, uniq_xtahua,
          uniq_saint_roka

Skill      XL: |  1  2  3  4  5  6  7  8  9 10 11 12 13 14 15 16 17 18 19 20 |
---------------+-------------------------------------------------------------+-----
Axes           | 3 4 5 6 7 9 13 | 13.8
Fighting       | 4 7 11 12 16 19 22 24 26 | 26.2
Invocations    | 7 8 9 |  9.4
Armour         | 4 11 15 17 18 | 18.7
Maces & Flails | 3 10 11 12 16 | 16.2
Dodging        | 7 11 12 13 | 13.4
Shields        | 7 |  7.9

Action                   |  1- 3 |  4- 6 |  7- 9 | 10-12 | 13-15 | 16-18 | 19-21 || total
-------------------------+-------+-------+-------+-------+-------+-------+-------++-------
Melee: War axe           |    72 |   121 |   241 |    70 |       |       |       ||   504
       Headbutt          |    15 |    15 |    77 |   127 |   342 |   657 |   531 ||  1764
       Morningstar       |       |       |       |   374 |   357 |       |       ||   731
       Whip              |       |       |       |       |   686 |  1925 |  1314 ||  3925
Invok: Upheaval          |       |       |     1 |     3 |     6 |    13 |     7 ||    30
       Disaster Area     |       |       |       |       |     2 |       |       ||     2
       Elemental Force   |       |       |       |       |       |     1 |       ||     1
 Abil: Evoke Berserk Rag |       |       |       |       |     2 |       |       ||     2
Evoke: Fan of gales      |       |       |       |       |       |     1 |       ||     1
  Use: Potion            |     2 |     9 |     8 |     1 |     7 |    17 |     3 ||    47
       Scroll            |     2 |     7 |     8 |    10 |     5 |     9 |     7 ||    48
  Eat: Chunk             |     1 |     7 |     9 |    12 |    21 |    22 |    25 ||    97
       Bread ration      |       |       |       |     1 |     1 |       |       ||     2
       Royal jelly       |       |       |       |     1 |     2 |     9 |     2 ||    14
Armor: Scale mail        |    29 |    44 |    89 |   226 |   275 |       |       ||   663
       Plate armour      |       |       |       |       |    25 |   511 |   260 ||   796
Dodge: Dodged            |    34 |    24 |    67 |   151 |   399 |   566 |   375 ||  1616
       Deflected         |       |       |       |     1 |    13 |   103 |    26 ||   143
Block: Shield            |    42 |    62 |    36 |       |       |       |       ||   140
       Buckler           |       |       |    76 |   333 |   729 |  1239 |   764 ||  3141
